cohdb
Replays
Latest Replays
All Replays
Popular Replays
Top Player Replays
Match Explorer
How It Works
Community
CoH3 Stats
Reddit
Sign in to upload your games and track your stats! →
Sign in with Steam
Match 42924413
Unlisted
Match 42924413
Overview
Messages
Build Orders
End
Construct Barracks
Engineer Squad
1⁄4-ton 4x4 Truck
Riflemen Squad
Riflemen Squad
M1 Mortar Team
Riflemen Squad
Infantry Support Center
Riflemen Squad
Construct Medical Station
Construct Tank Depot
M1918 Browning Automatic Rifles
Grenade Package
TerraZorc
Grand.G
0
0
Comments
sign in to comment!
No comments posted yet!